 Dungeon Crawl Stone Soup version 0.24-a0-201-gf205589 (console) character file.

Game seed: 17696425351049539089

756 Duffy the Firebug (level 7, 0/55 HPs)
             Began as a Naga Fire Elementalist on Mar 23, 2019.
             Slain by Pikel
             ... wielding a +0 whip of freezing
              (8 damage)
             ... on level 5 of the Dungeon.
             The game lasted 00:04:47 (4873 turns).

Duffy the Firebug (Naga Fire Elementalist)          Turns: 4873, Time: 00:04:48

Health: 0/55       AC:  5    Str: 10    XL:     7   Next: 79%
Magic:  22/22      EV: 10    Int: 17    God:
Gold:   282        SH:  0    Dex: 12    Spells: 7/15 levels left

rFire    . . .     SeeInvis +   y - +1 flail (holy)
rCold    . . .     Gourm    .   (no shield)
rNeg     . . .     Faith    .   a - +0 robe
rPois    +         Spirit   .   (no helmet)
rElec    .         Reflect  .   p - +0 cloak
rCorr    .         Harm     +   r - +0 pair of gloves
MR       .....     Rnd*Tele +   (no barding)
Stlth    ++........             k - amulet of harm
HPRegen  0.18/turn              o - ring of magical power
MPRegen  0.18/turn              C - ring of teleportation (curse)

@: about to teleport, very slow
A: large, see invisible, deformed body, poison resistance, slowness 2, slow
metabolism 1, spit poison 1, AC +2
a: Spit Poison


You were on level 5 of the Dungeon.
You were not hungry.

You visited 1 branch of the dungeon, and saw 5 of its levels.

You collected 282 gold pieces.

Inventory:

Hand Weapons
 b - a +0 whip
 v - a +2 trident of piercing
 y - a +1 flail of holy wrath (weapon)
Armour
 a - a +0 robe (worn)
 p - a +0 cloak (worn)
 r - a +0 pair of gloves (worn)
Jewellery
 k - an amulet of harm (around neck)
 o - a ring of magical power (left hand)
 B - an uncursed ring of wizardry
 C - a cursed ring of teleportation (right hand)
Wands
 n - a wand of digging (13)
 A - a wand of flame (14)
Scrolls
 d - 3 scrolls of blinking
 i - a scroll of enchant weapon
 j - a scroll of teleportation
 m - 3 scrolls of enchant armour
Potions
 e - 2 potions of mutation
 f - 4 potions of brilliance
 g - a potion of heal wounds
 h - 2 potions of curing
 l - a potion of resistance {unknown}
 q - a potion of magic {unknown}
 s - a potion of flight {unknown}
 u - a potion of might {unknown}
 x - a potion of lignification {unknown}
 D - a potion of berserk rage {unknown}
Comestibles
 c - 10 rations
 t - 3 chunks of flesh


   Skills:
 - Level 1.5 Dodging
 - Level 3.0 Stealth
 + Level 4.5 Spellcasting
 + Level 5.3 Conjurations
 + Level 5.4 Fire Magic


You had 7 spell levels left.
You knew the following spells:

 Your Spells              Type           Power        Failure   Level  Hunger
h - Flame Tongue          Conj/Fire      ###..        1%          1    None
j - Sticky Flame          Conj/Fire      ###.....     16%         4    ####...
l - Conjure Flame         Conj/Fire      ###.....     4%          3    ###....

Your spell library contained the following spells:

 Spells                   Type           Power        Failure   Level  Hunger
 Magic Dart               Conj           ###.         1%          1    None
 Searing Ray              Conj           ###...       2%          2    ##.....
 Throw Flame              Conj/Fire      ###...       2%          2    ##.....
 Inner Flame              Hex/Fire       ##......     14%         3    ###....
 Dazzling Spray           Conj/Hex       ##....       16%         3    ###....
 Iskenderun's Mystic Bla  Conj           ###.....     16%         4    ####...
 Fireball                 Conj/Fire      ###.......   41%         5    ######.
 Force Lance              Conj/Tloc      ##......     45%         4    ####...
 Fulminant Prism          Conj/Hex       ##........   45%         4    ####...


Dungeon Overview and Level Annotations

Branches:
Dungeon (5/15)
 Temple: D:4-7

Altars:
Ashenzari
Dithmenos
Gozag
Qazlal
Zin

Annotations:
D:5 Pikel


Innate Abilities, Weirdness & Mutations

You cannot wear boots.
Your serpentine skin is tough. (AC +2)
You have supernaturally acute eyesight. (SInv)
Armour fits poorly on your strangely shaped body.
Your system is resistant to poisons. (rPois)
You cover ground very slowly.
You have a slow metabolism.
You can spit poison.


Message History

The slave shouts!
The slave hits you.
Pikel hits you with a +0 whip of freezing.
Pikel freezes you.
Pikel zaps a wand.
You easily resist.
You closely miss the slave. The slave hits you but does no damage.
Pikel hits you with a +0 whip of freezing!
Pikel freezes you. The slave completely misses you.
You barely miss the slave. The slave barely misses you.
Pikel hits you with a +0 whip of freezing.
Pikel freezes you. The slave hits you but does no damage. The slave hits you.
Some of the chunks of flesh in your inventory have rotted away.
Pikel hits you with a +0 whip of freezing.
Pikel freezes you. The slave hits you. Pikel hits you but does no damage.
Okay, then.
As you read the scroll of teleportation, it crumbles to dust.
You feel strangely unstable. The slave hits you!
The slave completely misses you. The slave hits you.
Pikel hits you with a +0 whip of freezing!
You die...

*,,,,,**** *
**********
*,,,,,,,,**** *
*,,,,,,,,*
*,,,,,**,,,,***
**,,,,,,,*
*,,,,,*****,,,,
****,,,,,,* *,,,,,*
***** *}}*,,,,,,*
*,,,,,* * **__**,,,,,*
***,*** *******
*~,,~*,,,,,*
##########.##***,,,,,,
**++**,,,,,*
#...@pp......,,,,****,
*,,**,,,,,*
#..pKp####.##******,,,
*,,,*,,,,,* #.....#
*,******,,,**
**,,,,,,,,* #.....#
*,**,,,,,***
*****,****
#####.#***,,,,***** **
*,* #..#*,,**** **,
*,** **#....,,* ***.,
*,,* *,..##.#,* *,,.#
**,**
***,*##*.#,*******,*#.


You could see Pikel and 4 slaves.

Vanquished Creatures
  Sigmund (D:4)
  An ogre (D:4)
  A sky beast (D:5)
  A bullfrog (D:3)
  A crimson imp (D:5)
  A hound (D:4)
  An orc priest (D:3)
  A centaur skeleton (D:4)
  Jessica (D:3)
  A worker ant (D:4)
  9 adders
  3 worms
  3 dart slugs
  4 leopard geckos
  8 orcs
  8 bats
  3 giant cockroaches
  8 goblins
  5 hobgoblins
  8 jackals
  8 kobolds
  A quokka (D:2)
  3 ball pythons
  8 frilled lizards
  A quokka skeleton (D:5)
  4 rats
94 creatures vanquished.

Notes
Turn   | Place    | Note
-------+----------+-------------------------------------------
     0 | D:1      | Duffy the Naga Fire Elementalist began the quest for the
                  | Orb.
     0 | D:1      | Reached XP level 1. HP: 15/15 MP: 3/3
   274 | D:1      | Reached XP level 2. HP: 22/22 MP: 5/5
   891 | D:1      | Reached XP level 3. HP: 13/28 MP: 6/6
  1069 | D:1      | Learned a level 3 spell: Conjure Flame
  1699 | D:2      | Found a stormy altar of Qazlal.
  2363 | D:2      | Reached XP level 4. HP: 36/36 MP: 7/7
  2940 | D:3      | Learned a level 4 spell: Sticky Flame
  3167 | D:3      | Noticed a bullfrog
  3177 | D:3      | Killed a bullfrog
  3177 | D:3      | Reached XP level 5. HP: 22/42 MP: 9/9
  3375 | D:3      | Found an opulent altar of Gozag.
  3493 | D:3      | Noticed Jessica
  3502 | D:3      | Killed Jessica
  3502 | D:3      | Reached XP level 6. HP: 39/49 MP: 10/10
  3873 | D:4      | Noticed Sigmund
  3881 | D:4      | Killed Sigmund
  3890 | D:4      | Found a shattered altar of Ashenzari.
  3890 | D:4      | Found a shadowy altar of Dithmenos.
  3891 | D:4      | Found a glowing silver altar of Zin.
  3979 | D:4      | Reached XP level 7. HP: 55/55 MP: 12/12
  4360 | D:4      | Reached skill level 5 in Conjurations
  4360 | D:4      | Reached skill level 5 in Fire Magic
  4713 | D:5      | Entered Level 5 of the Dungeon
  4865 | D:5      | Noticed Pikel
  4873 | D:5      | Slain by Pikel

Levels and vault maps discovered:
D:1:      mainiacjoe_arrival_reflecting_pool, layout_basic, bh_walls_and_bars
D:2:      layout_basic, grunt_qazlal_clouds
D:3:      layout_loops_ring, first_ration,
          nicolae_gozag_cash_rules_everything_around_me, uniq_jessica
D:4:      layout_rooms, gammafunk_temple_overflow_claw, uniq_sigmund
D:5:      layout_rooms, gammafunk_temple_overflow_wave, uniq_pikel

Skill      XL: |  1  2  3  4  5  6  7 |
---------------+----------------------+-----
Conjurations   | 2 3 4 5 |  5.3
Spellcasting   | 3 4 |  4.5
Fire Magic     | 4 5 |  5.4
Dodging        | |  1.5
Stealth        | |  3.0

Action                   |  1- 3 |  4- 6 |  7- 9 || total
-------------------------+-------+-------+-------++-------
Melee: Whip              |    75 |       |       ||    75
       Trident           |       |    15 |     1 ||    16
       Flail             |       |       |     3 ||     3
 Cast: Flame Tongue      |    15 |    74 |    42 ||   131
       Sticky Flame      |       |       |     3 ||     3
 Abil: Spit Poison       |    18 |     3 |     2 ||    23
  Use: Scroll            |       |     6 |     6 ||    12
 Stab: Sleeping          |     1 |     3 |       ||     4
  Eat: Chunk             |     4 |     4 |     4 ||    12
Armor: Robe              |    18 |    15 |    25 ||    58
Dodge: Dodged            |    57 |    27 |    25 ||   109

Table legend:
 A = Non-vault XP
 B = Vault XP
 C = Vault XP percentage of total XP
 D = Non-vault monster count
 E = Vault monster count
 F = Vault count percentage of total count
                 A         B        C        D         E       F
            +---------+---------+-------+---------+---------+-------
      Total |     824 |     257 |  23.8 |      92 |       2 |   2.1
            +---------+---------+-------+---------+---------+-------
        D:1 |      51 |       0 |   0.0 |      29 |       0 |   0.0
        D:2 |      31 |       0 |   0.0 |      10 |       0 |   0.0
        D:3 |     275 |      37 |  11.9 |      35 |       1 |   2.8
        D:4 |     286 |     220 |  43.5 |      14 |       1 |   6.7
        D:5 |     181 |       0 |   0.0 |       4 |       0 |   0.0
            +---------+---------+-------+---------+---------+-------
